 Dungeon Crawl Stone Soup version 0.16.0 (webtiles) character file.

80 Sixotanaka the Insei (level 4, -3/38 HPs)
             Began as a Naga Transmuter on Mar 19, 2015.
             Slain by a gnoll (8 damage)
             ... on level 2 of the Dungeon.
             The game lasted 00:04:29 (1602 turns).

Sixotanaka the Insei (Naga Transmuter)              Turns: 1602, Time: 00:04:29

Health: -3/38      AC:  2    Str: 12    XL:     4   Next: 39%
Magic:  7/7        EV: 10    Int: 13    God:
Gold:   62         SH:  0    Dex: 13    Spells: 2 memorised, 4 levels left

rFire  . . .     SeeInvis +       - Unarmed
rCold  . . .     Clarity  .     c - +0 robe
rNeg   . . .     SustAb   .     (no shield)
rPois  +         Gourm    .     (no helmet)
rElec  .         Spirit   .     (no cloak)
rCorr  .         Warding  .     (no gloves)
rMut   .         Stasis   .     (no barding)
MR     .....                    (no amulet)
Stlth  +.........               (no ring)
                                (no ring)

@: very slow, not resistant to hostile enchantments, very unstealthy
A: spit poison, see invisible, deformed body, poison resistance, slowness 2, AC
+1
a: Spit Poison


You were on level 2 of the Dungeon.
You were not hungry.

You visited 1 branch of the dungeon, and saw 2 of its levels.

You collected 62 gold pieces.


Innate Abilities, Weirdness & Mutations

You cannot wear boots.
You can spit poison.
Your serpentine skin is tough (AC +1).
You have supernaturally acute eyesight.
Armour fits poorly on your strangely shaped body.
Your system is resistant to poisons.
You cover ground very slowly.


   Skills:
 - Level 1.0 Fighting
 - Level 1.5 Dodging
 + Level 5.1 Unarmed Combat
 - Level 2.0 Spellcasting
 - Level 2.0 Transmutations


You had 4 spell levels left.
You knew the following spells:

 Your Spells              Type           Power        Failure   Level  Hunger
y - Sticks to Snakes      Trmt           #.........   17%         2    ###....
z - Beastly Appendage     Trmt           #.....       12%         1    ##.....


Dungeon Overview and Level Annotations

Branches:
Dungeon (2/15)

Altars:

Inventory:

Missiles
 b - 22 arrows
 i - 21 stones (quivered)
 s - 4 javelins
Armour
 c - a +0 robe (worn)
Scrolls
 e - a scroll of recharging {unknown}
 j - 2 scrolls of noise {unknown}
 k - a scroll of enchant armour {unknown}
 m - 2 scrolls of random uselessness {unknown}
 o - a scroll of teleportation {unknown}
 t - a scroll of enchant weapon {unknown}
Potions
 f - 2 potions of heal wounds {unknown}
 g - a potion of might {unknown}
 h - a potion of haste {unknown}
 l - a potion of brilliance {unknown}
 n - a potion of mutation {unknown}
 q - a potion of restore abilities {unknown}
 r - a potion of flight {unknown}
Books
 d - a book of Changes
Comestibles
 a - 2 bread rations
 u - a royal jelly

### #.. #.# #.# #.#
#.# #g# #g########
########
#)@.....)###(......
#######..(...######
#......# #...(..#
#......# #...)..#
#..)...## ##......#
#......#####


You could see 2 gnolls.


Message History

You are very lightly contaminated with residual magic.
Waves of light ripple over your body.
The kobold shouts!
The kobold throws a stone.
The stone closely misses you.
The kobold throws a stone.
The stone hits you but does no damage.
You see here a stone.
The kobold throws a stone.
The stone misses you. The kobold hits you with a short sword.
You closely miss the kobold. The kobold hits you with a short sword.
You grow a pair of large bovine horns.
The kobold hits you but does no damage.
You hit the kobold!
You kill the kobold!
No target in view!
You start resting.
Your transformation is almost over.
Things that are here:
a short sword; a stone You start resting.
Your horns disappear.
Your magical contamination has completely faded away.
There is a stone staircase leading down here.
You open the door.
There is an open door here.
Found a stone staircase leading up.
You see here a whip.
A gnoll comes into view. It is wielding a club.
The gnoll shouts!
A gnoll comes into view. It is wielding a halberd.
You fail to use your ability.
The splash of poison hits the gnoll.
The gnoll is poisoned.
You feel slightly more hungry.
The gnoll shouts!
A gnoll comes into view.
You have got your breath back.
You grow a pair of large bovine horns.
The gnoll shouts!
The gnoll hits you with a club!
You hit the gnoll!
You kill the gnoll!
The gnoll hits you from afar with a halberd.
Your transformation is almost over.
The splash of poison misses the gnoll.
You feel slightly more hungry. The gnoll closely misses you.
The gnoll closely misses you.
You hit the gnoll but do no damage. The gnoll hits you with a halberd.
You punch the gnoll! The gnoll hits you with a halberd!
* * * LOW HITPOINT WARNING * * *
Unknown command.
You barely miss the gnoll. Your headbutt misses the gnoll.
You barely miss the gnoll.
You have got your breath back.
The gnoll throws a throwing net.
The throwing net closely misses you.
You hit the gnoll!
You kill the gnoll!
Your Unarmed Combat skill increases to level 5!
A gnoll comes into view. It is wielding a club.
You closely miss the gnoll.
The gnoll shouts!
You punch the gnoll. The gnoll hits you.
* * * LOW HITPOINT WARNING * * *
Unknown command.
You closely miss the gnoll. The gnoll hits you.
* * * LOW HITPOINT WARNING * * *
Unknown command.
You closely miss the gnoll.
Your horns disappear.
You hit the gnoll but do no damage. The gnoll hits you.
* * * LOW HITPOINT WARNING * * *
You barely miss the gnoll. The gnoll hits you!
You die...

Action                   |  1- 3 |  4- 6 || total
-------------------------+-------+-------++-------
Melee: Unarmed           |    60 |    13 ||    73
 Cast: Beastly Appendage |     8 |     2 ||    10
 Abil: Spit Poison       |    10 |     2 ||    12
       End Transformatio |     1 |       ||     1
 Stab: Sleeping          |     1 |       ||     1
  Eat: Chunk             |     3 |       ||     3

Vault maps used:
D:1:      dpeg_arrival_ternary
D:2:      kennysheep_big_empty_room

Notes
Turn   | Place    | Note
--------------------------------------------------------------
     0 | D:1      | Sixotanaka, the Naga Transmuter, began the quest for the Orb.
     0 | D:1      | Reached XP level 1. HP: 18/18 MP: 3/3
   265 | D:1      | HP: 2/18 [hobgoblin/club (5)]
   266 | D:1      | Reached XP level 2. HP: 2/25 MP: 2/4
   813 | D:1      | Learned a level 2 spell: Sticks to Snakes
   940 | D:2      | Reached skill level 4 in Unarmed Combat
   940 | D:2      | Reached XP level 3. HP: 19/31 MP: 4/6
  1514 | D:2      | Reached XP level 4. HP: 38/38 MP: 7/7
  1597 | D:2      | Reached skill level 5 in Unarmed Combat
  1599 | D:2      | HP: 8/38 [gnoll (2)]
  1602 | D:2      | Slain by a gnoll

Vanquished Creatures
  3 gnolls (D:2)
  A giant mite (D:2)
  An adder (D:2)
  3 giant geckos
  3 bats
  3 giant cockroaches
  A goblin (D:2)
  4 hobgoblins
  2 jackals (D:1)
  A giant newt (D:1)
  6 kobolds
  3 rats
31 creatures vanquished.
